 Dungeon Crawl Stone Soup version 0.23-a0-625-g1d2cd9b (console) character file.

308 Duffy the Magician (level 6, 73/73 HPs)
             Began as a Naga Wizard on Dec 24, 2018.
             Quit the game on level 6 of the Dungeon.
             The game lasted 00:02:29 (1699 turns).

Duffy the Magician (Naga Wizard)                    Turns: 1699, Time: 00:02:30

Health: 73/73      AC: 23    Str: 15    XL:     6   Next: 40%
Magic:  4/13       EV:  1    Int: 20    God:
Gold:   53         SH:  0    Dex: 14    Spells: 6/15 levels left

rFire    + . .     SeeInvis +   (no weapon)
rCold    + . .     Gourm    .   (no shield)
rNeg     + + +     Faith    .   (armour currently unavailable)
rPois    +         Spirit   .   (helmet currently unavailable)
rElec    +         Reflect  .   (cloak currently unavailable)
rCorr    +         Harm     .   (gloves currently unavailable)
MR       .....     NoTele   +   (no barding)
Stlth    +++.......             (no amulet)
HPRegen  0.22/turn              (no ring)
MPRegen  0.13/turn              (no ring)

@: mighty, agile, tree-form, resistant, hasted, very quick
A: large, see invisible, slow metabolism 1, spit poison 1, AC +2
a: Spit Poison


You were on level 6 of the Dungeon.
You were hungry.
You were a tree.
You visited 1 branch of the dungeon, and saw 7 of its levels.

You collected 53 gold pieces.

Inventory:

Armour
 a - a +0 robe (melded)
 b - a +0 hat (melded)
 h - a +0 buckler
 l - a +0 pair of gloves (melded)
Scrolls
 c - a scroll of remove curse {unknown}
 f - a scroll of identify {unknown}
 g - 2 scrolls of teleportation {unknown}
 i - a scroll of magic mapping {unknown}
 p - a scroll of enchant weapon {unknown}
Comestibles
 d - 6 rations


   Skills:
 - Level 1.5 Dodging
 - Level 3.0 Stealth
 + Level 5.0 Spellcasting
 + Level 4.4 Conjurations
   Level 1.0 Summonings
 - Level 1.0 Translocations


You had 6 spell levels left.
You knew the following spells:

 Your Spells              Type           Power        Failure   Level  Hunger
h - Magic Dart            Conj           ###.         1%          1    None
j - Conjure Flame         Conj/Fire      ##......     14%         3    ##.....
k - Mephitic Cloud        Conj/Pois/Air  ##......     19%         3    ##.....
B - Blink                 Tloc           N/A          12%         2    None

Your spell library contained the following spells:

 Spells                   Type           Power        Failure   Level  Hunger
 Shock                    Conj/Air       ##..         4%          1    None
 Call Imp                 Summ           #.......     12%         2    None
 Static Discharge         Conj/Air       ##......     14%         3    ##.....
 Slow                     Hex            #.......     17%         2    None
 Swiftness                Chrm/Air       #.......     17%         2    None
 Airstrike                Air            #.........   75%         4    ####...
 Lightning Bolt           Conj/Air       ##........   78%         5    #####..


Dungeon Overview and Level Annotations

Branches:
Dungeon (7/15)
 Temple: D:4-7

Altars:


Innate Abilities, Weirdness & Mutations

You cannot wear boots.
((Your serpentine skin is tough. (AC +2)))
You have supernaturally acute eyesight. (SInv)
((Armour fits poorly on your strangely shaped body.))
((Your system is resistant to poisons. (rPois)))
((You cover ground very slowly.))
You have a slow metabolism.
You can spit poison.


Message History

You swing at nothing.
You swing at nothing.
You swing at nothing.
You swing at nothing.
You swing at nothing.
You swing at nothing.
You smack the worm!
The worm is almost dead.
You barely miss the worm.
The worm is almost dead.
You pummel the worm!!
You kill the worm!
The phantom blinks!
You swing at nothing.
The phantom blinks!
You swing at nothing.
You swing at nothing.
You swing at nothing.
You swing at nothing.
A phantom is nearby!
Are you sure you want to abandon this character and quit the game? (Confirm

################
.....W.....)7..#
.......#######.#
.......#######.#
...............#
..........######
#...........#
..........>.#
............#
............#


You could see a phantom.

Vanquished Creatures
  A centaur (D:6)
  A crimson imp (D:5)
  An iguana (D:6)
  2 worker ants
  A hound zombie (D:6)
  7 adders
  2 oozes
  2 adder skeletons
  2 worms
  An orc (D:4)
  A bat (D:1)
  A goblin (D:2)
  A hobgoblin (D:1)
  A jackal (D:4)
  2 kobolds
  A ball python (D:1)
  2 frilled lizards (D:4)
  3 giant cockroaches
  A rat (D:2)
33 creatures vanquished.

Notes
Turn   | Place    | Note
-------+----------+-------------------------------------------
     0 | D:1      | Duffy the Naga Wizard began the quest for the Orb.
     0 | D:1      | Reached XP level 1. HP: 15/15 MP: 4/4
   134 | D:1      | Reached XP level 2. HP: 20/22 MP: 0/6
   451 | D:2      | Reached XP level 3. HP: 28/28 MP: 4/8
   456 | D:2      | Learned a level 3 spell: Conjure Flame
   460 | D:2      | Learned a level 3 spell: Mephitic Cloud
   463 | D:2      | Learned a level 2 spell: Blink
   741 | D:4      | Reached XP level 4. HP: 36/36 MP: 6/9
  1007 | D:4      | Reached skill level 4 in Spellcasting
  1255 | D:5      | Entered Level 5 of the Dungeon
  1259 | D:5      | Reached XP level 5. HP: 42/42 MP: 6/11
  1609 | D:7      | Noticed a black bear
  1659 | D:6      | Noticed a centaur
  1672 | D:6      | Noticed a phantom
  1678 | D:6      | Killed a centaur
  1678 | D:6      | Reached XP level 6. HP: 49/49 MP: 2/13
  1680 | D:6      | Reached skill level 5 in Spellcasting
  1699 | D:6      | Quit the game

Vault maps used:
D:1:      lightli_arrival_noodles, minmay_tromino_v2
D:3:      moated_statue
D:4:      lemuel_castle_with_subvaults, first_ration
D:6:      kennysheep_windowed_halls, minmay_temple_entry_glassed_door,
          kennysheep_generic_room_7
D:7:      grunt_temple_overflow_open

Skill      XL: |  1  2  3  4  5  6 |
---------------+-------------------+-----
Conjurations   | 2 3 4 |  4.4
Spellcasting   | 4 5 |  5.0
Dodging        | |  1.5
Stealth        | |  3.0
Summonings     | |  1.0
Translocations | |  1.0

Action                   |  1- 3 |  4- 6 || total
-------------------------+-------+-------++-------
Melee: Unarmed           |       |     9 ||     9
 Cast: Magic Dart        |    40 |    65 ||   105
 Abil: Spit Poison       |     7 |     5 ||    12
  Use: Potion            |       |     6 ||     6
  Eat: Chunk             |       |     1 ||     1
Armor: Robe              |     3 |    13 ||    16
       Skin              |       |     8 ||     8
Dodge: Dodged            |     8 |    20 ||    28

Table legend:
 A = Non-vault XP
 B = Vault XP
 C = Vault XP percentage of total XP
 D = Non-vault monster count
 E = Vault monster count
 F = Vault count percentage of total count
                 A         B        C        D         E       F
            +---------+---------+-------+---------+---------+-------
      Total |     438 |       2 |   0.5 |      32 |       1 |   3.0
            +---------+---------+-------+---------+---------+-------
        D:1 |      13 |       0 |   0.0 |       5 |       0 |   0.0
        D:2 |      31 |       0 |   0.0 |       5 |       0 |   0.0
        D:3 |      11 |       0 |   0.0 |       3 |       0 |   0.0
        D:4 |      89 |       2 |   2.2 |       9 |       1 |  10.0
        D:5 |     104 |       0 |   0.0 |       4 |       0 |   0.0
        D:6 |     190 |       0 |   0.0 |       6 |       0 |   0.0
            +---------+---------+-------+---------+---------+-------
